 Dungeon Crawl Stone Soup version 0.18.1-47-g9310371 (webtiles) character file.

510 Gargoyl the Covered (level 6, -1/48 HPs)
             Began as a Demonspawn Abyssal Knight on June 16, 2016.
             Was a Priest of Lugonu.
             Slain by Grinder (7 damage)
             ... on level 4 of the Dungeon.
             The game lasted 00:07:37 (3275 turns).

Gargoyl the Covered (Demonspawn Abyssal Knight)     Turns: 3275, Time: 00:07:37

Health: -1/48      AC:  9    Str: 15    XL:     6   Next: 98%
Magic:  8/8        EV:  9    Int: 13    God:    Lugonu [***...]
Gold:   119        SH:  0    Dex: 12    Spells: 0 memorised, 5 levels left

rFire  . . .     SeeInvis +     a - +2 hand axe
rCold  . . .     Gourm    .     p - +0 chain mail
rNeg   . . .     Faith    +     (no shield)
rPois  .         Spirit   .     (no helmet)
rElec  .         Dismiss  .     (no cloak)
rCorr  .         Reflect  .     (no gloves)
SustAt .         Harm     .     (no boots)
MR     .....                    e - amulet of faith
Stlth  +.........               s - +3 ring of slaying
                                k - ring of see invisible

@: not resistant to hostile enchantments, very unstealthy
A: repulsion field 1, nightstalker 2
a: Depart the Abyss, Bend Space, Banish, Renounce Religion


You were on level 4 of the Dungeon.
You worshipped Lugonu.
Lugonu was most pleased with you.
You were not hungry.

You visited 1 branch of the dungeon, and saw 4 of its levels.
You visited the Abyss 1 time.

You collected 119 gold pieces.

Inventory:

Hand Weapons
 a - a +2 hand axe (weapon)
Missiles
 n - 4 exploding tomahawks (quivered)
Armour
 p - a +0 chain mail (worn)
Jewellery
 e - an amulet of faith (around neck)
 k - a ring of see invisible (left hand)
 m - an uncursed ring of magical power {unknown}
 s - a +3 ring of slaying (right hand)
Scrolls
 g - a scroll of enchant weapon
 i - a scroll of teleportation
 j - 4 scrolls of identify
Potions
 d - a potion of degeneration {unknown}
 f - 2 potions of cure mutation
 h - a potion of might
Comestibles
 b - a beef jerky
 c - 2 bread rations
 l - 2 meat rations


   Skills:
 + Level 4.0 Fighting
 + Level 3.1 Axes
 * Level 5.0 Armour
 + Level 2.3 Dodging
 + Level 1.2 Stealth
 + Level 2.8 Invocations


You had 5 spell levels left.
You didn't know any spells.

Dungeon Overview and Level Annotations

Branches:
Dungeon (4/15)
 Temple: D:4-7

Altars:

Annotations:
D:4 Grinder


Innate Abilities, Weirdness & Mutations

You are surrounded by a mild repulsion field (EV +2).
You are significantly more attuned to the shadows.


Message History

Grinder gestures at you. Pain shoots through your body!
* * * LOW HITPOINT WARNING * * *
You can move again.
Unknown command.
You hit Grinder but do no damage.
Grinder is almost dead.
Grinder gestures at you. You resist with significant effort.
You closely miss Grinder.
Grinder is almost dead.
You hear the brisk hiss of a distant avalanche of sand.
Grinder hits you.
* * * LOW HITPOINT WARNING * * *
You writhe in agony.
* * * LOW HITPOINT WARNING * * *
Your chain mail prevents you from hitting Grinder.
Grinder is almost dead.
Grinder hits you!
You die...

#...................#
###.....###.....#...#
##...## #.#......##
########.##.###...
##...##..# ### ####
#..####..## #...
#.#####...######.###
##.###...#5#........
#.(.......@....##.#
#...#.......####....##
#.###.......# ####..#
... #########
!.......# ..
.######.... #... ...
$.


You could see Grinder.

Vanquished Creatures
  Sigmund (D:3)
  The ghost of zervinho the Magician, a weakling DEWz of Sif Muna (D:3)
  A hound (D:4)
  2 orc wizards (D:3)
  Ijyb (D:2)
  An iguana (D:3)
  3 gnolls (D:3)
  6 adders
  3 oozes
  3 worms
  2 dart slugs (D:1)
  6 orcs
  3 giant cockroaches
  10 hobgoblins
  2 jackals (D:1)
  A quokka (D:2)
  A ball python (D:4)
  2 bats
  4 giant newts
  16 goblins
  A jackal skeleton (D:4)
  10 kobolds
  5 rats
85 creatures vanquished.

Notes
Turn   | Place    | Note
--------------------------------------------------------------
     0 | Abyss:1  | Gargoyl the Demonspawn Abyssal Knight began the quest for the Orb.
     0 | Abyss:1  | Reached XP level 1. HP: 18/18 MP: 2/2
    28 | Abyss:1  | Noticed a wretched star
    97 | Abyss:3  | Noticed a smoke demon
    98 | D:1      | Escaped the Abyss
   414 | D:1      | Gained mutation: You are slightly more attuned to the shadows. [demonic ancestry]
   414 | D:1      | Reached XP level 2. HP: 24/24 MP: 3/3
   452 | D:1      | Reached * piety under Lugonu
   623 | D:1      | Reached skill level 2 in Armour
   911 | D:1      | Reached skill level 1 in Dodging
   941 | D:1      | Reached XP level 3. HP: 29/29 MP: 4/4
  1071 | D:2      | Reached ** piety under Lugonu
  1341 | D:2      | Noticed Ijyb
  1364 | D:2      | Killed Ijyb
  1364 | D:2      | Reached skill level 3 in Armour
  1364 | D:2      | Gained mutation: You are surrounded by a mild repulsion field (EV +2). [demonic ancestry]
  1364 | D:2      | Reached XP level 4. HP: 23/35 MP: 6/6
  1595 | D:2      | Reached skill level 1 in Stealth
  2116 | D:3      | Reached *** piety under Lugonu
  2131 | D:3      | Reached XP level 5. HP: 15/41 MP: 7/7
  2371 | D:3      | Noticed zervinho's ghost (weakling DEWz)
  2453 | D:3      | Killed zervinho's ghost
  2458 | D:3      | Found a faded altar to an unknown god.
  2468 | D:3      | Noticed Sigmund
  2473 | D:3      | Killed Sigmund
  2473 | D:3      | Reached skill level 4 in Armour
  2473 | D:3      | Gained mutation: You are significantly more attuned to the shadows. [demonic ancestry]
  2473 | D:3      | Reached XP level 6. HP: 48/48 MP: 8/8
  3178 | D:4      | Reached skill level 5 in Armour
  3244 | D:4      | Noticed Grinder
  3266 | D:4      | Paralysed by Grinder for 7 turns
  3275 | D:4      | Slain by Grinder

Skill      XL: |  1  2  3  4  5  6 |
---------------+-------------------+-----
Axes           | 2 3 |  3.1
Armour         | 2 3 4 5 |  5.0
Dodging        | 1 2 |  2.3
Stealth        | 1 |  1.2
Fighting       | 4 |  4.0
Invocations    | |  2.8

Action                   |  1- 3 |  4- 6 || total
-------------------------+-------+-------++-------
Melee: Hand axe          |   112 |   149 ||   261
Invok: Depart the Abyss  |     1 |       ||     1
  Use: Scroll            |     5 |     3 ||     8
       Potion            |       |     5 ||     5
 Stab: Sleeping          |     1 |       ||     1
  Eat: Chunk             |     2 |     6 ||     8
Armor: Leather armour    |     6 |       ||     6
       Chain mail        |    64 |    95 ||   159
Dodge: Dodged            |    53 |    76 ||   129
